 Dungeon Crawl Stone Soup version 0.29.1-12-g30fa7ad0bf (webtiles) character file.

Game seed: 7132986923420570642

1081 112233 the Geomancer (level 8, -2/45 HPs)
             Began as a Gargoyle Earth Elementalist on Dec 17, 2022.
             Slain by Duvessa
             ... wielding a +0 short sword of electrocution
              (7 damage)
             ... on level 7 of the Dungeon.
             The game lasted 00:04:58 (4700 turns).

112233 the Geomancer (Gargoyle Earth Elementalist)  Turns: 4700, Time: 00:04:59

Health: -2/45      AC: 10    Str: 11      XL:     8   Next: 29%
Magic:  4/15       EV: 12    Int: 16 (19) God:
Gold:   250        SH:  0    Dex: 10      Spells: 10/16 levels left

rFire   + . .      SeeInvis .   (no weapon)
rCold   + . .      Faith    .   (no shield)
rNeg    + . .      Spirit   .   a - +0 robe
rPois   ∞          Reflect  .   v - +0 helmet
rElec   +          Harm     .   j - +1 cloak {Stlth+}
rCorr   +          Rampage  .   (no gloves)
Will    .....                   (no boots)
Stlth   +++.......              (no amulet)
HPRegen 0.15/turn               r - ring of resist corrosion
MPRegen 0.14/turn               (no ring)

@: resistant, flying
A: sickness immunity, AC +5, negative energy resistance 1, electricity
resistance, torment resistance 1, petrification resistance
a: no special abilities


You were on level 7 of the Dungeon.
You visited 1 branch of the dungeon, and saw 7 of its levels.

You collected 250 gold pieces.

Inventory:

Missiles
 n - a throwing net
Armour
 a - a +0 robe (worn)
 j - a +1 cloak of stealth (worn)
 k - an orb of energy
 v - a +0 helmet (worn)
Jewellery
 i - a ring of ice
 r - a ring of resist corrosion (left hand)
Scrolls
 b - a scroll of immolation {unknown}
 c - 2 scrolls of magic mapping {unknown}
 d - 2 scrolls of butterflies {unknown}
 e - 7 scrolls of identify {unknown}
 l - 2 scrolls of enchant armour {unknown}
 o - a scroll of amnesia {unknown}
 p - a scroll of teleportation {unknown}
 q - a scroll of poison {unknown}
 t - a scroll of fear {unknown}
 u - a scroll of blinking {unknown}
Potions
 g - 2 potions of flight
 m - a potion of brilliance {unknown}
 s - 2 potions of haste {unknown}


   Skills:
 + Level 2.9 Fighting
 - Level 1.6 Dodging
 - Level 2.2 Stealth
 + Level 4.7 Spellcasting
 - Level 0.8 Transmutations
 * Level 8.7 Earth Magic
 - Level 3.2 Evocations


You had 10 spell levels left.
You knew the following spells:

 Your Spells              Type           Power      Damage    Failure   Level
a - Sandblast             Erth           62%        2d14      1%          1
b - Stone Arrow           Conj/Erth      34%        3d9       8%          3
c - Passwall              Tmut/Erth      15%        N/A       3%          2

Your spell library contained the following spells:

 Spells                   Type           Power      Damage    Failure   Level
 Petrify                  Tmut/Erth      19%        N/A       22%         4


Dungeon Overview and Level Annotations

Branches:
Dungeon (7/15)
 Temple: D:4-7

Altars:

Shops:
D:2 =   D:4 (

Annotations:
D:7 Dowan, Duvessa


Innate Abilities, Weirdness & Mutations

You are immune to sickness and miasma.
Your stone body is resilient. (AC +5)
You are immune to poison.
You resist negative energy. (rN+)
You are resistant to electric shocks. (rElec)
You are resistant to unholy torment.
You are immune to petrification.


Message History

Dowan gestures at you while chanting. The puff of flame misses you.
Duvessa closely misses you. Dowan completely misses you.
Casting: Sandblast (safe; 1% risk of failure)
Confirm with . or Enter, or press ? or * to list all spells.
Aiming: Sandblast (safe; 1% risk of failure)
Press: ? - help, Shift-Dir - straight line, f/p - Duvessa
Aim: Duvessa, wielding a +0 short sword of electrocution, wearing a +2 leather armour of poison resistance and carrying a wand of flame (11) (severely wounded, fast, 86% to hit)
The blast of sand hits Duvessa but does no damage.
Duvessa is severely wounded.
Duvessa hits you with a +0 short sword of electrocution!
Duvessa hits you but does no damage. Dowan closely misses you.
Casting: Sandblast (safe; 1% risk of failure)
Confirm with . or Enter, or press ? or * to list all spells.
Aiming: Sandblast (safe; 1% risk of failure)
Press: ? - help, Shift-Dir - straight line, f/p - Duvessa
Aim: Duvessa, wielding a +0 short sword of electrocution, wearing a +2 leather armour of poison resistance and carrying a wand of flame (11) (severely wounded, fast, 86% to hit)
The blast of sand hits Duvessa!
Duvessa is almost dead.
Duvessa says, "My weaknesses are his strengths!"
Duvessa hits you but does no damage. Dowan hits you but does no damage.
Duvessa zaps a wand.
The puff of flame hits you but does no damage.
You resist. Dowan hits you with a +0 dagger.
* * * LOW HITPOINT WARNING * * *
Casting: Sandblast (safe; 1% risk of failure)
Confirm with . or Enter, or press ? or * to list all spells.
Aiming: Sandblast (safe; 1% risk of failure)
Press: ? - help, Shift-Dir - straight line, f/p - Duvessa
Aim: Duvessa, wielding a +0 short sword of electrocution, wearing a +2 leather armour of poison resistance and carrying a wand of flame (10) (almost dead, fast, 86% to hit)
The blast of sand hits Duvessa but does no damage.
Duvessa is almost dead.
Duvessa hits you with a +0 short sword of electrocution!
* * * LOW HITPOINT WARNING * * *
Duvessa hits you but does no damage.
Dowan points at you and mumbles some strange words.
The puff of frost hits you. You resist.
* * * LOW HITPOINT WARNING * * *
Duvessa hits you with a +0 short sword of electrocution!
You die...

...........#
...........#
.......(........#
###...............# ..
..................#...
.....# #........#...
....###...ee......#
#...##....@......#
##................. ..
##..................
....#....#........$.....
#..<###..............
##..# #.##...........
#..###..##.[.........
#.# #...##.........## ..
...####.....##....


You could see Duvessa (fast) and Dowan.

Vanquished Creatures
  A water moccasin (D:7)
  A sky beast (D:6)
  A black bear (D:4)
  2 bullfrogs
  2 hounds
  2 jellies
  An orc priest (D:4)
  A gnoll bouda (D:4)
  4 iguanas
  3 orc wizards (D:4)
  Robin (D:3)
  14 gnolls
  6 adders
  A white imp (D:6)
  3 worms
  A dart slug (D:1)
  6 orcs (D:4)
  6 endoplasms
  3 giant cockroaches
  14 goblins
  9 hobgoblins
  8 jackals
  2 quokkas
  5 ball pythons
  4 bats
  A frilled lizard (D:1)
  2 kobolds
  2 rats (D:2)
106 creatures vanquished.

Notes
Turn   | Place    | Note
-------+----------+-------------------------------------------
     0 | D:1      | 112233 the Gargoyle Earth Elementalist began the quest for
                  | the Orb.
     0 | D:1      | Reached XP level 1. HP: 10/10 MP: 3/3
   462 | D:1      | Reached XP level 2. HP: 15/15 MP: 3/5
   494 | D:2      | Reached skill level 4 in Earth Magic
   695 | D:2      | Reached XP level 3. HP: 19/19 MP: 3/6
   835 | D:3      | Reached skill level 5 in Earth Magic
   835 | D:3      | Reached XP level 4. HP: 24/24 MP: 6/8
  1107 | D:4      | Reached XP level 5. HP: 17/28 MP: 3/9
  1261 | D:4      | Reached skill level 6 in Earth Magic
  1261 | D:4      | Reached skill level 1 in Evocations
  1270 | D:4      | Learned a level 3 spell: Stone Arrow
  1273 | D:4      | Learned a level 2 spell: Passwall
  1421 | D:4      | Reached XP level 6. HP: 32/32 MP: 7/11
  1715 | D:4      | Found Goheebopp's Weapon Shop.
  1807 | D:4      | Noticed a black bear
  1814 | D:4      | Killed a black bear
  1982 | D:4      | Reached skill level 7 in Earth Magic
  1982 | D:4      | Reached XP level 7. HP: 33/36 MP: 9/12
  2596 | D:3      | Noticed Robin
  3417 | D:2      | Reached skill level 1 in Fighting
  3552 | D:2      | Found Selugreg's One-of-a-Kind Rings.
  4024 | D:3      | Killed Robin
  4149 | D:5      | Entered Level 5 of the Dungeon
  4449 | D:6      | Reached skill level 8 in Earth Magic
  4449 | D:6      | Reached XP level 8. HP: 44/44 MP: 9/14
  4617 | D:6      | Noticed a yak
  4660 | D:7      | Noticed Dowan
  4683 | D:7      | Noticed Duvessa
  4700 | D:7      | Slain by Duvessa

Illustrated notes

Levels and vault maps discovered:
D:1:      minmay_arrival_split_and_join, layout_rooms,
          hellmonk_ecumenical_altar_heavens_door, dreamdust_mushroom_princess,
          nrook_mini_vaults
D:2:      layout_basic, minmay_misc_feat_nine_boxes, nicolae_shop_unique_rings,
          nrook_loot_triangle, minmay_statues_item,
          minmay_misc_feat_secret_circle, bh_walls_and_bars
D:3:      layout_rooms, uniq_robin
D:4:      minmay_door_path, layout_gridville, serial_shops,
          nicolae_shop_hallway_plus, minmay_misc_feat_more_columns
D:5:      layout_basic, pdpol_wu_jian_five_deadly_venoms
D:6:      layout_basic, trog_wizard, hex_medium, minmay_liquid_box,
          minmay_fractal_squares_diagonal_5
D:7:      layout_cave_pools, kennysheep_mini_moat, temple_hall, uniq_duvessa

Skill      XL: |  1  2  3  4  5  6  7 |
---------------+----------------------+-----
Earth Magic    | 4 5 6 7 8 |  8.7
Spellcasting   | 3 4 |  4.7
Evocations     | 1 2 3 |  3.2
Fighting       | 2 |  2.9
Dodging        | |  1.6
Stealth        | |  2.2
Transmutations | |  0.8

Action                   |  1- 3 |  4- 6 |  7- 9 || total
-------------------------+-------+-------+-------++-------
Melee: Unarmed           |    11 |     2 |     6 ||    19
 Cast: Sandblast         |    23 |    59 |   114 ||   196
  Use: Potion            |       |     1 |     4 ||     5
 Stab: Sleeping          |     1 |       |     2 ||     3
Armor: Robe              |     5 |    14 |    52 ||    71
Dodge: Dodged            |    18 |    16 |    80 ||   114
